 Dungeon Sprint DCSS version 0.24.0-41-g2ae2f7f1be (webtiles) character file.

Game seed: 2768568820594750573, levelgen mode: deterministic

32 McKennaii the Skirmisher (level 3, -1/30 HPs)
             Began as a Demonspawn Fighter on Dec 10, 2019.
             Slain by a worker ant (5 damage)
             ... in the Dungeon (Sprint IX: "|||||||||||||||||||||||||||||").
             The game lasted 00:00:15 (160 turns).

McKennaii the Skirmisher (Demonspawn Fighter)        Turns: 160, Time: 00:00:16

Health: -1/30      AC:  7    Str: 17    XL:     3   Next: 8%
Magic:  3/3        EV:  7    Int:  9    God:
Gold:   0          SH:  9    Dex: 12    Spells: 2/2 levels left

rFire    . . .     SeeInvis .   a - +0 long sword
rCold    . . .     Gourm    .   c - +0 shield
rNeg     . . .     Faith    .   b - +0 scale mail
rPois    .         Spirit   .   (no helmet)
rElec    .         Reflect  .   (no cloak)
rCorr    .         Harm     .   (no gloves)
MR       .....     NoTele   +   (no boots)
Stlth    ..........             (no amulet)
HPRegen  0.10/turn              (no ring)
MPRegen  0.08/turn              (no ring)

@: lethally poisoned (-1 -> -13)
A: hooves 1, powered by pain 1
a: no special abilities


You were in the Dungeon.
You were not hungry.

You visited 1 branch

Inventory:

Hand Weapons
 a - a +0 long sword (weapon)
Armour
 b - a +0 scale mail (worn)
 c - a +0 shield (worn)
Scrolls
 k - a scroll of blinking
Potions
 d - a potion of might
 e - a potion of curing
 g - a potion of heal wounds
 h - a potion of haste
 i - 2 potions of magic
 j - a potion of berserk rage
Comestibles
 f - a ration


   Skills:
 + Level 4.2 Fighting
 * Level 3.0 Long Blades
 + Level 4.0 Armour
 + Level 0.8 Dodging
 + Level 3.8 Shields


You had 2 spell levels left.
You didn't know any spells.
Your spell library was empty.

Dungeon Overview and Level Annotations

Branches:
Dungeon (1/1)

Altars:


Innate Abilities, Weirdness & Mutations

You have large cloven feet.
You sometimes gain a little power by taking damage.


Message History

Your feet thicken and deform.
Unknown command.
You hit the worker ant. Your kick misses the worker ant.
The worker ant is lightly wounded.
You feel sick. The worker ant bites you. You block the worker ant's attack.
Your shield and scale mail prevent you from hitting the worker ant.
The worker ant is lightly wounded.
You feel sick. The worker ant bites you.
You closely miss the worker ant. You kick the worker ant.
The worker ant is lightly wounded.
You feel sick. The worker ant bites you.
* * * LOW HITPOINT WARNING * * *
You are more poisoned.
The worker ant poisons you! The worker ant closely misses you.
You closely miss the worker ant.
You kick the worker ant, but do no damage.
The worker ant is lightly wounded.
* * * LOW HITPOINT WARNING * * *
You feel sick. The worker ant closely misses you. The worker ant bites you.
You die...

▓.▓
▓.▓
▓.▓
▓)▓
▓.▓
▓.▓
▓.▓
▓.▓
▓@▓
▓a▓
▓h▓
▓.▓
▓.▓
▓.▓
▓.▓
▓+▓


You could see a hound and a worker ant.

Vanquished Creatures
  A worker ant (D)
  A leopard gecko (D)
  A giant cockroach (D)
  A goblin (D)
  A quokka (D)
  3 rats (D)
8 creatures vanquished.

Notes
Turn   | Place    | Note
-------+----------+-------------------------------------------
     0 | D        | McKennaii the Demonspawn Fighter began the quest for the
                  | Orb.
     0 | D        | Reached XP level 1. HP: 18/18 MP: 1/1
   146 | D        | Noticed a worker ant
   146 | D        | Noticed a worker ant
   146 | D        | Noticed a hound
   151 | D        | Gained mutation: You sometimes gain a little power by
                  | taking damage. [demonic ancestry]
   151 | D        | Reached XP level 2. HP: 24/24 MP: 2/2
   156 | D        | Gained mutation: You have large cloven feet. [demonic
                  | ancestry]
   156 | D        | Reached XP level 3. HP: 20/30 MP: 3/3
   160 | D        | Slain by a worker ant

Levels and vault maps discovered:
D:        linesprint [early_d, line_temple, items_1, d_10, items_2, lair_1,
          lair_end, items_3, orc_1, orc_end, items_4, d_15, swamp_1, shoals_1,
          snake_1, spider_1, d_20, vaults_1, items_5, swamp_end, shoals_end,
          snake_end, spider_end, vaults_end, d_27, items_6, zot_1, zot_end,
          crypt_end, forest_end, elf_end, slime_end, tomb_end, abyss_end,
          pan_hell_end]

Skill      XL: |  1  2 |
---------------+-------+-----
Long Blades    | 2 3 |  3.0
Armour         | 3 4 |  4.0
Shields        | 3 |  3.8
Fighting       | 4 |  4.2
Dodging        | |  0.8

Action                   || total
-------------------------++-------
Melee: Long sword        ||    36
       Kick              ||     2
Armor: Scale mail        ||    12
Dodge: Dodged            ||    12
Block: Shield            ||    12
       Rpst.: Long sword ||     3
